 Dungeon Crawl Stone Soup version 0.16.1-2-g95b8d4c (webtiles) character file.

372205 RobertPalmer the Convoker (level 22, -5/164 HPs)
             Began as an Octopode Summoner on Mar 23, 2015.
             Was the Champion of Ashenzari.
             Slain by a caustic shrike zombie (9 damage)
             ... led by a necromancer
             ... on level 4 of the Depths on Mar 25, 2015.
             The game lasted 05:44:04 (89484 turns).

RobertPalmer the Convoker (Octopode Summoner)      Turns: 89484, Time: 05:44:04

Health: -5/164     AC:  6    Str: 10    XL:     22   Next: 69%
Magic:  54/54      EV: 28    Int: 22    God:    Ashenzari [******]
Gold:   4108       SH:  9    Dex: 21    Spells: 10 memorised, 2 levels left

rFire  + . .     SeeInvis +     a - +9 demon whip (elec) (curse)
rCold  x . .     Clarity  +     Z - +3 buckler {AC+3} (curse)
rNeg   . . .     SustAb   .     (helmet restricted)
rPois  +         Gourm    .     D - amulet of regeneration (curse) {+regen, !d}
rElec  .         Spirit   .     C - ring of poison resistance (curse) {rPois, !d}
rCorr  .         Warding  .     A - ring of magical power (curse) {MP+9}
rMut   .         Stasis   .     L - +2 ring of protection (curse)
MR     +....                    o - ring of wizardry (curse) {Wiz+, !d}
Stlth  +++++++...               X - ring of magical power (curse) {MP+9}
                                P - ring of stealth (curse) {Stlth+}
                                R - ring of Virtue {Str+2 Dex+4} (curse)
                                f - ring of fire {rF+, rC-}

@: repel missiles, somewhat resistant to hostile enchantments, extremely
stealthy
A: almost no armour, amphibious, 8 rings, constrict 8, antennae 1, camouflage 1,
mutation resistance 1, wild magic 1, gelatinous body 1
a: Scrying, Transfer Knowledge, Renounce Religion
}: 2/15 runes: serpentine, barnacled


You were on level 4 of the Depths.
You worshipped Ashenzari.
Ashenzari was exalted by your worship.
You were not hungry.

You visited 9 branches of the dungeon, and saw 49 of its levels.
You visited the Abyss 4 times.
You visited 1 bazaar.
You also visited: Ice Cave.

You collected 5774 gold pieces.
You spent 1666 gold pieces at shops.

Inventory:

Hand weapons
 a - a cursed +9 demon whip of electrocution (weapon)
   (You took it off a putrid demonspawn on level 4 of the Orcish Mines)
 I - a +0 eveningstar of crushing
   (You found it on level 3 of the Elven Halls)
Missiles
 q - 3 throwing nets {=f, !d}
Armour
 Z - a cursed +3 buckler of protection (worn)
   (You took it off a tengu reaver on level 4 of the Vaults)
Jewellery
 f - a ring of fire (on tentacle) {rF+, rC-}
   (You found it on level 1 of the Dungeon)
 h - a cursed ring of teleportation {+/*tele, !d}
   (You took it off a deep elf mage on level 2 of the Depths)
 i - an uncursed ring of ice {rC+, rF-}
   (You found it on level 13 of the Dungeon)
 o - a cursed ring of wizardry (on tentacle) {Wiz+, !d}
   (You found it on level 6 of the Lair of Beasts)
 A - a cursed ring of magical power (right tentacle) {MP+9}
   (You found it on level 14 of the Dungeon)
 C - a cursed ring of poison resistance (left tentacle) {rPois, !d}
   (You found it on level 7 of the Dungeon)
 D - a cursed amulet of regeneration (around mantle) {+regen, !d}
   (You acquired it on level 15 of the Dungeon)
 L - a cursed +2 ring of protection (on tentacle)
   (You found it on level 4 of the Lair of Beasts)
 P - a cursed ring of stealth (on tentacle) {Stlth+}
   (You found it on level 4 of the Depths)
 R - the cursed ring of Virtue (on tentacle) {Str+2 Dex+4}
   (You found it on level 4 of the Depths)

   [ring of strength]

   It affects your strength (+2).
   It affects your dexterity (+4).
   It has a curse placed upon it.
 X - a cursed ring of magical power (on tentacle) {MP+9}
   (You found it on level 2 of the Vaults)
 Y - an uncursed amulet of resist mutation {rMut, !d}
   (You found it on level 5 of the Lair of Beasts)
Magical devices
 c - a wand of confusion (22)
   (You found it on level 3 of the Depths)
 J - a wand of teleportation (4)
   (You took it off a centaur on level 15 of the Dungeon)
 Q - a wand of hasting (1)
   (You found it on level 3 of the Vaults)
 T - a wand of digging (1)
   (You found it on level 2 of the Shoals)
Scrolls
 j - 11 scrolls of magic mapping {!r}
 w - 2 scrolls of enchant armour
 B - 2 scrolls of silence
 F - 17 scrolls of remove curse
 O - 17 scrolls of identify
 U - a scroll of curse armour
Potions
 p - 2 potions of cure mutation {!q}
 r - a potion of heal wounds
 s - 4 potions of magic
 t - 10 potions of restore abilities
 u - 2 potions of curing
 v - 4 potions of cancellation
 x - 6 potions of brilliance
 H - 2 potions of might
 N - 2 potions of lignification {!q}
 V - a potion of mutation {!q}
Books
 e - a Grand Grimoire
   (You found it on level 2 of the Depths)
 y - a Necronomicon {highlevel}
   (You found it on level 6 of the Dungeon)
 z - a book of the Dragon
   (You found it on level 3 of the Lair of Beasts)
Miscellaneous
 b - a phantom mirror
 g - a plain deck of summoning {drawn: 2}
   (You found it on level 3 of the Elven Halls)
 l - a plain deck of defence {the Banshee, drawn: 3}
   (You found it on level 13 of the Dungeon)
 n - an ornate deck of changes {drawn: 5}
   (You found it on level 13 of the Dungeon)
 E - a plain deck of wonders {Wild Magic}
   (You found it on level 3 of the Snake Pit)
 G - a plain deck of summoning {drawn: 2}
   (You found it on level 3 of the Depths)
 M - a phial of floods
   (You found it on level 1 of the Lair of Beasts)
Comestibles
 d - 23 meat rations {@e2}
 k - 7 fruits
 m - 2 bread rations {@e1}
 K - 5 chunks of flesh {@w0}
 S - 2 beef jerkies


   Skills:
 - Level 17.7 Fighting
   Level 1.3 Short Blades
 - Level 7.5(12.0) Maces & Flails
   Level 1.0 Polearms
 - Level 16.4 Dodging
 - Level 10.1 Stealth
 - Level 2.9(5.4) Shields
 - Level 14.0 Spellcasting
 + Level 9.6(12.5) Charms
 - Level 20.7(22.8) Summonings
 - Level 13.9(16.5) Necromancy
   Level 2.0(4.3) Ice Magic


You had 2 spell levels left.
You knew the following spells:

 Your Spells              Type           Power        Failure   Level  Hunger
a - Dragon's Call         Summ           ########..   22%         9    #######
b - Shadow Creatures      Summ           N/A          1%          5    ###....
c - Repel Missiles        Chrm/Air       ######       1%          2    None
e - Blink                 Tloc           N/A          6%          2    None
f - Dispel Undead         Necr           #######.     1%          5    ###....
g - Haunt                 Necr/Summ      ########..   1%          7    ######.
m - Sublimation of Blood  Necr           #######...   1%          2    None
q - Aura of Abjuration    Summ           ########..   1%          6    #####..
B - Summon Butterflies    Summ           ########     1%          1    None
D - Death's Door          Chrm/Necr      #######...   50%         8    #######


Dungeon Overview and Level Annotations

Branches:
Dungeon (15/15)            Temple (1/1) D:5            Lair (8/8) D:8
 Shoals (5/5) Lair:6        Snake (5/5) Lair:4        Slime (0/6) Lair:6
    Orc (4/4) D:9             Elf (3/3) Orc:4        Vaults (4/5) D:13
  Crypt (0/3) Vaults:2     Depths (4/5) D:15

Altars:
Ashenzari
Cheibriados
Dithmenos
Elyvilon
Fedhas
Gozag
Kikubaaqudgha
Makhleb
Nemelex Xobeh
Okawaru
Qazlal
Ru
Sif Muna
Trog
Vehumet
Xom
Yredelemnul
Zin
The Shining One
Beogh
Jiyva

Shops:
D:9 (   D:14 *   Orc:4 !?   Elf:1 ?   Elf:2 ?   Shoals:1 =   Shoals:2 [(?
Shoals:3 *[(   Shoals:4 (   Vaults:2 :   Vaults:4 }

Portals:
Hell: Depths:2 Depths:3
Abyss: Depths:1 Depths:2 Depths:4
Pandemonium: Depths:3
Trove: D:14 (give 6 scrolls of blinking)

Annotations:
D:3 exclusion: Sigmund, Sigmund
D:4 Rayvis' ghost, average MiFi
D:5 exclusions: jelly and wyvern
D:6 exclusion: 3 slaves
Lair:1 exclusion: 2 hydras
Lair:7 exclusion: hydra
Lair:8 exclusion: door
Shoals:5 Ilsuiw
Elf:1 exclusion: Nikola, Nikola
Elf:2 3 runed doors


Innate Abilities, Weirdness & Mutations

You cannot wear most types of armour.
You are amphibious.
You can wear up to eight rings at the same time.
You can use your tentacles to constrict many enemies at once.
Your skin changes colour to match your surroundings (Stealth).
Your rubbery body absorbs attacks (AC +1).
You have a pair of small antennae on your head.
You are somewhat resistant to further mutation.
Your spells are a little harder to cast, but a little more powerful.


Message History

Your emperor scorpion stings the large slime creature.
Your emperor scorpion claws the large slime creature.
Your emperor scorpion claws the large slime creature!
Your death yak gores the large slime creature!
The large slime creature dies!
You hit the slime creature. You hit the slime creature.
There is a sudden explosion of sparks!
You squeeze the slime creature!
Your emperor scorpion stings the slime creature!!
Your emperor scorpion barely misses the slime creature.
Your emperor scorpion claws the slime creature.
The slime creature dies!
Your death yak gores the slime creature!!
The slime creature completely misses you.
Two slime creatures merge to form a large slime creature.
Your death yak gores the large slime creature!
You hit the large slime creature! You block the slime creature's attack.
You completely miss the large slime creature.
Your death yak gores the large slime creature.
You barely miss the large slime creature.
The slime creature completely misses you.
You hit the large slime creature!!
There is a sudden explosion of sparks!
Your death yak gores the large slime creature.
You hit the large slime creature!
There is a sudden explosion of sparks!
You squeeze the large slime creature!
You kill the large slime creature!
You block the slime creature's attack.
You hit the slime creature!
There is a sudden explosion of sparks!
Your death yak gores the slime creature!!
You hit the slime creature!
There is a sudden explosion of sparks!
You kill the slime creature!
Your death yak dissolves into shadows!
You hit the salamander mystic!
There is a sudden explosion of sparks!
You grab the salamander mystic. You squeeze the salamander mystic!
You constrict the salamander mystic, but do no damage.
You block the salamander mystic's attack.
You hit the salamander mystic. You squeeze the salamander mystic!
You constrict the salamander mystic, but do no damage.
You hit the salamander mystic!
There is a sudden explosion of sparks!
You kill the salamander mystic!
No target in view!
You swap places.
Your death yak dissolves into shadows! x2
Your death yak dissolves into shadows!
Your emperor scorpion dissolves into shadows!
You now have 4108 gold pieces (gained 40).
Things that are here:
a +0 glaive; a +0 halberd; a salamander corpse You butcher the salamander corpse.
K - 6 chunks of flesh {@w0} (gained 4)
Things that are here:
a +0 glaive; a +0 halberd Eating one of 6 chunks of flesh {@w0}.
You continue eating. x2
MP restored: 54
Found a one-way gate to the infinite horrors of the Abyss.
A caustic shrike zombie comes into view.
An elf zombie comes into view.
The caustic shrike zombie barely misses you.
You completely miss the caustic shrike zombie.
The necromancer shouts!
You grab the caustic shrike zombie.
You constrict the caustic shrike zombie, but do no damage.
You barely miss the caustic shrike zombie.
You squeeze the caustic shrike zombie, but do no damage.
You constrict the caustic shrike zombie, but do no damage.
The caustic shrike zombie claws you!
You take 13 damage, and have 151/164 hp.
You hit the caustic shrike zombie.
You constrict the caustic shrike zombie.
The caustic shrike zombie claws you.
You take 6 damage, and have 145/164 hp.
You hit the caustic shrike zombie!
There is a sudden explosion of sparks!
You constrict the caustic shrike zombie, but do no damage.
The necromancer casts a spell at you.
Your body is wracked with pain!
The caustic shrike zombie closely misses you.
You take 71 damage, and have 74/164 hp.
MASSIVE DAMAGE!!
You hit the necromancer.
There is a sudden explosion of sparks!
Your grab misses the necromancer.
You constrict the caustic shrike zombie.
The caustic shrike zombie claws you!!
* * * LOW HITPOINT WARNING * * *
You take 27 damage, and have 47/164 hp.
Unknown command.
You hit the necromancer!
There is a sudden explosion of sparks!
You kill the necromancer!
You constrict the caustic shrike zombie, but do no damage.
The caustic shrike zombie claws you!
* * * LOW HITPOINT WARNING * * *
You take 17 damage, and have 30/164 hp.
Unknown command.
You release your grip on the caustic shrike zombie.
The caustic shrike zombie barely misses you.
The caustic shrike zombie claws you!!
* * * LOW HITPOINT WARNING * * *
You take 28 damage, and have 4/164 hp.
The caustic shrike zombie claws you!
You die...

**,, ,,, ......##..###...#..#.
, 8, ,,,
,..#........##..##...#. < ,,
§............#.#.....#. ,8, ,,
,§..........)....#...#### , ,
,≈§≈.≈...≈.§§.....#..##..#. ,
,, ,§.≈....≈§§≈......#......#.
( ,
............§>....##....#.. .
*,......≈.............#..#.#..
.
,...≈§.≈.≈.Z@##......#..#...#
.. ,
...§≈.≈.≈..####..).##)#..##.
..,,............#
#..#....#.#... ..,
....§...)..Z## ####..##..#...
., ,.......Z.....##
###...#...# . .......Z......#
#...#.#...# ≈ ......≈....∩##
##..#...... ≈≈≈≈
......≈......# #.#....^.#
..≈§.(.....≈.......#
#.#..##..#


You could see an elf zombie, a caustic shrike zombie, a fire giant skeleton and
a tengu skeleton.

Vanquished Creatures
  Saint Roka (Depths:2)
  A golden dragon (Depths:2)
  2 deep elf blademasters (Elf:3)
  2 liches
  A kraken (Shoals:5)
  2 tengu reavers
  A sphinx (Depths:4)
  4 greater nagas
  4 frost giants
  Wiglaf (Shoals:5)
  3 fire giants
  A cacodemon (Depths:3)
  A vault warden (Vaults:2)
  10 deep elf sorcerers
  5 ironheart preservers
  4 very ugly things
  3 stone giants
  8 deep elf demonologists
  5 deep elf annihilators (Elf:3)
  8 dire elephants
  5 ettins
  2 vault guards (Vaults:2)
  5 deep elf death magi
  2 minotaurs
  2 merfolk javelineers (Shoals:5)
  2 merfolk impalers
  A quicksilver dragon zombie (Depths:3)
  2 deep elf high priests (Elf:3)
  5 yaktaur captains
  Fannar (Lair:2)
  6 fire dragons
  A great orb of eyes (Depths:2)
  3 ice dragons
  3 spriggan air magi
  11 naga warriors
  4 rakshasas (Depths:4)
  2 catoblepae
  A deep troll earth mage (Depths:2)
  3 hydras
  A dancing weapon (Elf:2)
  4 merfolk avatars
  4 death yaks
  18 anacondas
  13 centaur warriors
  5 ogre magi
  A merfolk aquamancer (Shoals:5)
  A tengu warrior (D:13)
  2 shock serpents
  2 spriggan berserkers
  A soul eater (Orc:4)
  6 naga sharpshooters
  2 spriggans
  A fire crab (Vaults:3)
  11 deep elf knights
  5 deep trolls
  2 unseen horrors
  8 sea snakes
  A sun demon (Depths:3)
  2 flayed ghosts
  A shadow wraith (D:13)
  A naga ritualist (Snake:2)
  22 deep elf summoners
  4 salamander mystics
  3 wizards
  3 necromancers
  12 deep elf conjurers
  7 griffons
  A tengu zombie (Depths:3)
  13 hill giants
  15 harpies
  5 mana vipers
  4 manticores
  7 orc knights
  8 water nymphs
  A shadow dragon skeleton (Depths:3)
  A tengu skeleton (Depths:3)
  8 ironbrand convokers
  A faun (Shoals:3)
  5 wolf spiders
  A hornet (Vaults:4)
  6 sirens
  3 centaur zombies
  4 cyclopes
  10 salamanders
  6 guardian serpents
  31 ugly things
  2 orc sorcerers
  Maurice (D:10)
  2 spiny frogs
  6 komodo dragons
  A torpor snail (Depths:3)
  10 vault sentinels
  2 gargoyles (D:12)
  Psyche (Orc:2)
  27 black mambas
  11 naga magi
  A storm dragon simulacrum (Depths:3)
  A kobold demonologist (D:15)
  4 fire drakes
  A fire drake (shapeshifter) (Depths:3)
  15 yaktaurs
  An efreet (D:12)
  A demonic crawler (Vaults:2)
  15 merfolk
  2 blue devils
  5 trolls
  A red devil (Depths:3)
  A polar bear (Lair:6)
  10 deep elf priests
  11 snapping turtles
  An ancient zyme (Abyss:1)
  8 two-headed ogres
  4 freezing wraiths
  A hornet zombie (D:15)
  2 boulder beetles
  3 ravens
  A two-headed ogre (shapeshifter) (Depths:2)
  19 slime creatures
  A blink frog (Lair:8)
  12 deep elf magi
  3 basilisks
  A trapdoor spider zombie (D:14)
  3 redbacks
  An ettin skeleton (Vaults:4)
  3 shadows
  3 water elementals
  5 air elementals
  A spriggan skeleton (Depths:1)
  A vampire (D:14)
  27 yaks
  2 wraiths
  A wyvern (D:13)
  3 hippogriffs
  A golden eye (shapeshifter) (D:13)
  A steam dragon (D:12)
  A hungry ghost (D:8)
  15 deep elf fighters
  2 wargs (Depths:2)
  8 vampire mosquitoes
  26 water moccasins
  12 wolves
  32 nagas
  A mottled dragon (D:13)
  A water moccasin (shapeshifter) (Depths:2)
  11 porcupines
  2 necrophages
  9 centaurs
  An elf zombie (Vaults:4)
  2 human zombies (Vaults:4)
  5 wasps
  A boring beetle (Lair:8)
  A hornet simulacrum (Vaults:1)
  3 eyes of draining
  3 ice beasts
  30 ogres
  2 sky beasts
  17 boggarts
  A boring beetle (shapeshifter) (Orc:4)
  11 orc warriors
  11 crocodiles
  A glowing shapeshifter simulacrum (Vaults:1)
  A wyvern zombie (D:11)
  2 scorpions
  11 giant frogs
  12 killer bees
  10 wights
  8 crimson imps
  2 giant frog zombies
  An iron imp (Depths:3)
  10 hounds
  A quasit (Depths:3)
  12 orc priests
  3 centaur skeletons
  2 jellies
  11 human skeletons
  9 worker ants
  Natasha (D:6)
  10 iguanas
  15 orc wizards
  An elf simulacrum (Vaults:3)
  3 sheep
  A hound zombie (D:6)
  3 mummies
  28 adders
  3 gnolls
  33 river rats
  3 worms
  3 shadow imps
  5 ufetubi
  2 adder skeletons
  6 giant geckos
  An ooze (D:2)
  115 orcs
  A ball python (D:3)
  2 bat skeletons
  3 giant cockroaches
  A giant cockroach (shapeshifter) (Depths:2)
  17 hobgoblins
  2 jackals (D:9)
  12 quokkas
  23 bats
  4 giant newts
  15 goblins
  15 kobolds
  A quokka skeleton (D:6)
  23 rats
  5 ballistomycetes
  A crawling corpse (Elf:3)
  4 fungi
  A tentacle (Shoals:5)
  A tentacle segment (Shoals:5)
1309 creatures vanquished.

Vanquished Creatures (collateral kills)
  Norris (Shoals:4)
  2 golden dragons (Depths:2)
  A lich (Depths:2)
  Asterion (Shoals:5)
  2 deep elf master archers (Elf:3)
  2 deep elf blademasters (Elf:3)
  The ghost of Zigurun the Martial Artist, a mighty OpTm of Cheibriados (Snake:2)
  3 krakens (Shoals:4)
  Polyphemus (Shoals:2)
  Rupert (Shoals:1)
  2 tengu reavers
  A storm dragon (Depths:2)
  Roxanne (Shoals:4)
  10 greater nagas
  4 fire giants
  2 frost giants
  Maud (Lair:4)
  3 vault wardens
  Aizul (Snake:5)
  Louise (Shoals:5)
  An emperor scorpion (Depths:2)
  5 deep elf sorcerers
  3 spriggan defenders (Depths:2)
  Jorgrun (Shoals:4)
  7 ironheart preservers
  5 stone giants
  3 very ugly things (Depths:3)
  4 deep elf demonologists
  11 dire elephants
  10 deep elf annihilators
  A vault guard (Vaults:2)
  4 deep elf death magi
  2 merfolk javelineers (Shoals:5)
  2 ettins
  The ghost of puimuR the Ripper, a powerful FeTm of Jiyva (Vaults:3)
  7 fire dragons
  Josephine (D:12)
  2 deep elf high priests (Elf:3)
  2 ice dragons
  8 merfolk impalers
  8 hydras
  Harold (Orc:2)
  10 naga warriors
  2 merfolk avatars
  5 centaur warriors
  A spriggan air mage (Depths:2)
  3 deep troll shamans (Depths:2)
  7 ogre magi
  2 alligator snapping turtles (Shoals:5)
  3 deep troll earth magi (Depths:2)
  A catoblepas (Depths:3)
  6 anacondas
  6 death yaks
  2 tengu warriors
  5 shock serpents
  Urug (D:13)
  2 orc high priests (Orc:4)
  2 spriggan berserkers (Depths:2)
  15 naga sharpshooters
  An iron troll (Depths:2)
  2 shadow wraiths
  A deep elf knight (Elf:2)
  A soul eater (Elf:3)
  An ice devil (IceCv)
  11 deep trolls
  2 deep elf summoners
  4 naga ritualists
  A flayed ghost (Vaults:2)
  3 sea snakes
  3 ironbrand convokers
  3 deep elf conjurers
  7 orc knights
  A putrid demonspawn (Orc:4)
  7 harpies
  A salamander (shapeshifter) (Vaults:3)
  5 griffons
  3 wolf spiders
  2 hill giants (D:13)
  2 phantasmal warriors
  4 water nymphs
  36 ugly things
  An orb spider (shapeshifter) (Vaults:2)
  3 mana vipers
  3 cyclopes
  5 manticores
  4 salamanders (Snake:3)
  An elephant (shapeshifter) (D:15)
  7 guardian serpents (Snake:5)
  An orc sorcerer (Orc:4)
  3 sixfirhies
  Joseph (Orc:2)
  14 elephants
  A siren (Shoals:5)
  22 black mambas
  4 wizards
  A gargoyle (D:15)
  5 spiny frogs
  A torpor snail (Lair:3)
  3 vault sentinels
  A kobold demonologist (Vaults:2)
  11 komodo dragons
  6 yaktaurs
  9 naga magi
  3 fire drakes
  An efreet (D:15)
  4 deep elf priests
  3 blue devils
  3 demonic crawlers
  5 polar bears (Lair:6)
  6 merfolk
  6 two-headed ogres
  3 freezing wraiths
  2 trolls
  Prince Ribbit (D:7)
  2 jumping spiders
  3 blink frogs (Lair:7)
  3 air elementals
  21 slime creatures
  3 snapping turtles
  A harpy skeleton (D:14)
  2 basilisks
  2 ravens
  3 boulder beetles
  A ynoxinul (Orc:4)
  A trapdoor spider (shapeshifter) (Depths:2)
  2 water elementals
  5 spriggans
  A tarantella (Elf:3)
  A human (shapeshifter) (Elf:2)
  4 redbacks
  5 deep elf magi
  2 hungry ghosts
  Eustachio (D:10)
  A wyvern (D:9)
  Grum (D:12)
  14 hippogriffs
  41 yaks
  A chaos spawn (Orc:4)
  A neqoxec (Depths:3)
  A swamp worm (Lair:6)
  14 wolves
  3 wraiths (D:12)
  17 deep elf fighters
  A mottled dragon (Vaults:1)
  7 wargs
  47 nagas
  10 water moccasins
  34 orc warriors
  A black bear (Lair:3)
  8 ice beasts
  2 porcupines
  A swamp drake (Lair:6)
  16 ogres
  4 boggarts
  3 wasps (Depths:2)
  A boring beetle (Lair:8)
  A phantom (D:5)
  19 centaurs
  7 crocodiles
  A boring beetle (shapeshifter) (D:14)
  2 giant frogs
  A wyvern skeleton (D:15)
  16 killer bees
  5 jellies
  3 scorpions
  11 wights
  A centaur zombie (D:6)
  A quasit (D:13)
  2 goliath beetles
  A centaur skeleton (D:10)
  26 orc priests
  14 orc wizards
  3 iguanas
  7 hounds
  2 human skeletons (Vaults:3)
  A giant frog skeleton (D:8)
  14 hell rats
  2 worker ants
  13 sheep
  5 gnolls
  Natasha (D:6)
  5 adders
  16 river rats
  2 shadow imps
  A white imp (D:6)
  3 ufetubi
  An adder zombie (D:5)
  An orc skeleton (Orc:4)
  2 giant geckos
  An ooze (D:1)
  115 orcs
  3 bats
  A bat skeleton (D:4)
  A giant cockroach (D:7)
  5 goblins
  5 hobgoblins
  3 quokkas
  A ball python (D:5)
  A giant spore (D:10)
  A jackal (D:7)
  4 kobolds
  A quokka zombie (D:5)
  4 rats
  3 crawling corpses (Elf:3)
  A plant (Shoals:5)
  2 tentacles
1082 creatures vanquished.

Vanquished Creatures (others)
  A golden dragon (Depths:2)
  A tengu reaver (Depths:3)
  A fire giant (Depths:2)
  A very ugly thing (Depths:2)
  A yaktaur captain (Depths:2)
  An ettin (Depths:3)
  3 fire dragons (Depths:2)
  A great orb of eyes (Depths:3)
  An ice dragon (Depths:3)
  12 hydras
  3 rakshasas
  A merfolk avatar (Shoals:4)
  A deep troll earth mage (Depths:3)
  4 harpies
  2 anacondas
  2 centaur warriors
  A catoblepas (Depths:2)
  6 death yaks
  5 deep troll shamans
  2 shock serpents
  2 lindwurms (Elf:3)
  2 deep elf knights
  A deep troll (Depths:2)
  2 shadow wraiths
  2 hell knights (Depths:2)
  4 sea snakes
  A wizard (Vaults:2)
  3 naga ritualists
  A hill giant (D:13)
  An ironbrand convoker (Vaults:4)
  An orc knight (Vaults:2)
  3 deep elf summoners
  An orb spider (shapeshifter) (Depths:2)
  A mana viper (Snake:2)
  7 phantasmal warriors
  2 wolf spiders
  2 water nymphs (Shoals:2)
  4 cyclopes
  5 salamanders
  5 griffons
  An ugly thing (Vaults:1)
  A faun (Shoals:5)
  10 manticores
  4 dryads
  An elephant (Lair:5)
  6 sirens
  A torpor snail (Depths:3)
  2 vault sentinels (Vaults:2)
  15 black mambas
  3 naga magi
  A guardian serpent (Snake:5)
  7 freezing wraiths
  A deep elf priest (Vaults:2)
  8 yaktaurs
  2 merfolk
  A boulder beetle (Vaults:2)
  4 slime creatures
  A wind drake (Shoals:2)
  3 ravens (Depths:3)
  A snapping turtle (Shoals:5)
  A vampire (Depths:2)
  152 ice beasts
  2 basilisks (shapeshifter) (Vaults:2)
  4 water elementals
  An ettin skeleton (Vaults:2)
  A deep elf mage (Depths:3)
  A spriggan (Depths:2)
  27 wraiths
  3 deep elf fighters
  3 hippogriffs
  13 nagas
  8 hungry ghosts
  A vampire mosquito (Vaults:1)
  42 wolves
  A dancing weapon (Depths:3)
  2 wargs
  A mottled dragon (D:15)
  8 water moccasins
  A black bear (D:13)
  12 guardian golems
  5 phantoms
  A black bear (shapeshifter) (Depths:3)
  2 orc warriors
  A boggart (Depths:2)
  A deep dwarf (shapeshifter) (Vaults:2)
  4 ogres
  6 centaurs
  2 lost souls
  4 giant frogs
  An orc simulacrum (Vaults:1)
  A human simulacrum (Vaults:2)
  4 crimson imps
  A quasit (Vaults:2)
  A jelly (D:15)
  24 hounds
  49 lightning spires
  5 sheep
  2 adders
  2 shadow imps (D:6)
  3 white imps
  5 orcs
  4 bats
  2 quokkas
  2 giant spores
  2 rats
  2 butterflies (Depths:3)
  53 fungi
  42 plants
  270 snaplasher vine segments
  65 tentacles
  1524 tentacle segments
2547 creatures vanquished.

Grand Total: 4938 creatures vanquished

Notes
Turn   | Place    | Note
--------------------------------------------------------------
     0 | D:1      | RobertPalmer, the Octopode Summoner, began the quest for the Orb.
     0 | D:1      | Reached XP level 1. HP: 11/11 MP: 3/3
   584 | D:1      | Reached skill level 1 in Short Blades
   584 | D:1      | Reached XP level 2. HP: 4/17 MP: 2/4
  1551 | D:1      | Reached skill level 1 in Shields
  1718 | D:1      | Learned a level 2 spell: Call Imp
  1868 | D:2      | Reached XP level 3. HP: 21/21 MP: 4/6
  2197 | D:2      | Reached skill level 2 in Shields
  3046 | D:3      | Noticed Sigmund
  3165 | D:3      | Reached XP level 4. HP: 27/27 MP: 5/7
  3485 | D:3      | HP: 6/27 [poisoned by an adder]
  3506 | D:3      | HP: 3/27 [orc/mace (6)]
  3526 | D:3      | HP: 6/27 [orc/mace (8)]
  3704 | D:3      | Learned a level 3 spell: Call Canine Familiar
  4154 | D:3      | Reached skill level 5 in Summonings
  4154 | D:3      | Reached XP level 5. HP: 25/31 MP: 7/9
  4848 | D:4      | Noticed Rayvis' ghost (average MiFi)
  5172 | D:4      | Reached skill level 6 in Summonings
  5172 | D:4      | Reached XP level 6. HP: 31/36 MP: 4/10
  5250 | D:4      | Found a shadowy altar of Dithmenos.
  5397 | D:4      | Found a sparkling altar of Nemelex Xobeh.
  5397 | D:4      | Found an iron altar of Okawaru.
  5811 | D:5      | Entered Level 5 of the Dungeon
  5954 | D:5      | Reached skill level 7 in Summonings
  5992 | D:5      | Reached XP level 7. HP: 38/41 MP: 9/12
  6027 | D:5      | Found a staircase to the Ecumenical Temple.
  6036 | Temple   | Entered the Ecumenical Temple
  6090 | Temple   | Became a worshipper of Ashenzari the Shackled
  6140 | D:5      | Reached skill level 3 in Stealth
  6167 | D:5      | Noticed a wyvern
  6347 | D:5      | Reached skill level 4 in Stealth
  6674 | D:5      | Reached skill level 5 in Stealth
  7708 | D:6      | Got the hand axe "Smoheteck" {flame, -Cast rPois rF+ Str+6}
  7861 | D:6      | HP: 10/41 [centaur (1)]
  7862 | D:6      | Reached skill level 8 in Summonings
  7862 | D:6      | Reached XP level 8. HP: 11/46 MP: 8/13
  7870 | D:6      | HP: 11/46 [centaur zombie[a shadow imp] (1)]
  8588 | D:6      | Reached skill level 9 in Summonings
  8725 | D:6      | Learned a level 4 spell: Summon Ice Beast
  8849 | D:6      | HP: 11/46 [wight/halberd of freezing (2)]
  9028 | D:6      | Noticed Natasha
  9038 | D:6      | Killed Natasha
  9128 | D:6      | Upgraded the game from 0.16.0-18-g484a79e to 0.16.1
  9191 | D:6      | Noticed Natasha
  9195 | D:6      | Killed Natasha
  9273 | D:7      | Reached skill level 10 in Summonings
  9470 | D:7      | Noticed Prince Ribbit
  9499 | D:7      | Killed Prince Ribbit
  9732 | D:7      | Reached skill level 1 in Ice Magic
  9732 | D:7      | Reached XP level 9. HP: 34/51 MP: 10/14
  9780 | D:7      | Noticed a hill giant
  9846 | D:7      | Reached skill level 2 in Ice Magic
  9865 | D:7      | Killed a hill giant
  9865 | D:7      | Reached skill level 3 in Ice Magic
 10026 | D:7      | Reached skill level 4 in Ice Magic
 10082 | D:7      | HP: 11/51 [hippogriff (8)]
 10404 | D:7      | Reached skill level 5 in Ice Magic
 10668 | D:8      | Reached skill level 6 in Ice Magic
 10956 | D:8      | Reached skill level 3 in Dodging
 11164 | D:8      | Found a staircase to the Lair.
 11240 | D:8      | Reached skill level 4 in Dodging
 11469 | D:8      | Reached skill level 5 in Dodging
 11541 | D:9      | Reached XP level 10. HP: 47/56 MP: 16/16
 11648 | Lair:1   | Entered Level 1 of the Lair of Beasts
 11680 | Lair:1   | Identified the +7 hand axe "Smoheteck" {flame, -Cast rPois rF+ Str+6} (You found it on level 6 of the Dungeon)
 11690 | Lair:1   | Reached skill level 6 in Dodging
 12013 | Lair:1   | Noticed a black mamba
 12036 | Lair:1   | Reached skill level 7 in Dodging
 12154 | Lair:1   | Noticed a seven-headed hydra
 12246 | Lair:1   | Noticed a six-headed hydra
 12540 | Lair:1   | Reached skill level 8 in Dodging
 12972 | Lair:1   | Reached skill level 9 in Dodging
 13379 | Lair:1   | Killed a black mamba
 13521 | Lair:1   | Reached skill level 10 in Dodging
 13724 | Lair:2   | Noticed a black mamba
 13732 | Lair:2   | Killed a black mamba
 13922 | Lair:2   | Reached XP level 11. HP: 61/61 MP: 17/17
 14225 | Lair:2   | Reached skill level 1 in Fighting
 14241 | Lair:2   | Reached skill level 2 in Fighting
 14524 | Lair:2   | Reached skill level 3 in Fighting
 14698 | Lair:2   | Acquired Ashenzari's first power
 14830 | Lair:2   | Noticed Fannar
 14886 | Lair:2   | Killed Fannar
 14886 | Lair:2   | Reached skill level 4 in Fighting
 15220 | Lair:2   | HP: 17/69 [river rat (5)]
 15694 | Lair:2   | Reached skill level 5 in Fighting
 16318 | Lair:3   | Reached skill level 6 in Fighting
 16735 | Lair:3   | HP: 6/74 [komodo dragon (32)]
 17139 | Lair:3   | Reached skill level 7 in Fighting
 17463 | Lair:3   | Noticed a death yak
 17463 | Lair:3   | Noticed a death yak
 17544 | Lair:3   | Learned a level 4 spell: Summon Guardian Golem
 17847 | Lair:3   | Killed a death yak
 18257 | Lair:2   | Reached skill level 8 in Fighting
 18449 | Lair:3   | Noticed an eight-headed hydra
 18658 | Lair:4   | Noticed a seven-headed hydra
 18757 | Lair:4   | Reached skill level 3 in Spellcasting
 18880 | Lair:4   | Found a frozen archway.
 18881 | Lair:4   | Noticed Maud
 18884 | IceCv    | Entered an ice cave
 18890 | IceCv    | Noticed an ice devil
 19046 | IceCv    | Killed an ice devil
 19046 | IceCv    | Reached skill level 4 in Spellcasting
 19245 | IceCv    | Learned a level 4 spell: Summon Lightning Spire
 19766 | Lair:4   | Found a staircase to the Snake Pit.
 19804 | Lair:4   | Killed Maud
 19804 | Lair:4   | Reached skill level 5 in Spellcasting
 19804 | Lair:4   | Reached XP level 12. HP: 48/83 MP: 2/24
 20281 | Lair:4   | Noticed an eight-headed hydra
 20283 | Lair:4   | Killed a seven-headed hydra
 20294 | Lair:4   | Killed an eight-headed hydra
 20294 | Lair:4   | Reached skill level 6 in Spellcasting
 20771 | Lair:5   | Acquired Ashenzari's second power
 20819 | Lair:5   | Noticed a seven-headed hydra
 20904 | Lair:5   | Reached skill level 6 in Stealth
 21172 | Lair:5   | Reached skill level 7 in Stealth
 21408 | Lair:5   | Reached skill level 8 in Stealth
 21520 | Lair:5   | Reached skill level 9 in Stealth
 21537 | Lair:5   | Killed a seven-headed hydra
 21747 | Lair:5   | Reached skill level 10 in Stealth
 22218 | Lair:6   | Found a staircase to the Slime Pits.
 22218 | Lair:6   | Found a viscous altar of Jiyva.
 22265 | Lair:6   | Noticed a five-headed hydra
 22337 | Lair:6   | Reached skill level 11 in Summonings
 22639 | Lair:6   | Killed a five-headed hydra
 22667 | Lair:6   | Acquired Ashenzari's third power
 22706 | Lair:6   | Noticed a six-headed hydra
 22707 | Lair:6   | Noticed a five-headed hydra
 22845 | Lair:6   | Killed a five-headed hydra
 23037 | Lair:6   | Noticed a four-headed hydra
 23091 | Lair:6   | Killed a four-headed hydra
 23371 | Lair:6   | Found a staircase to the Shoals.
 23431 | Lair:6   | Noticed a death yak
 23448 | Lair:6   | Killed a death yak
 23551 | Lair:6   | Reached skill level 12 in Summonings
 23741 | Lair:6   | Killed a six-headed hydra
 24112 | Lair:7   | Reached XP level 13. HP: 88/88 MP: 10/27
 24443 | Lair:7   | Identified a scroll of acquirement
 24444 | Lair:7   | Got the cursed hat of Sche Twew {rElec rC+ Regen+ Int-4 Stlth-}
 24990 | Lair:7   | Reached skill level 13 in Summonings
 25336 | Lair:7   | Noticed a seven-headed hydra
 25762 | Lair:7   | Learned a level 2 spell: Sublimation of Blood
 25828 | Lair:8   | Entered Level 8 of the Lair of Beasts
 25855 | Lair:8   | Reached skill level 1 in Necromancy
 25943 | Lair:8   | Reached skill level 2 in Necromancy
 26299 | Lair:8   | Reached skill level 3 in Necromancy
 26531 | Lair:8   | Acquired Ashenzari's fourth power
 26884 | Lair:8   | Reached skill level 4 in Necromancy
 27242 | Lair:8   | Reached skill level 5 in Necromancy
 27482 | Lair:8   | Noticed a dire elephant
 27522 | Lair:8   | Killed a dire elephant
 27708 | Lair:8   | Reached skill level 6 in Necromancy
 27858 | Lair:8   | Noticed a dire elephant
 27998 | Lair:8   | Killed a dire elephant
 28798 | Lair:3   | Killed a death yak
 28879 | Lair:3   | HP: 13/88 [eight-headed hydra (12)]
 28879 | Lair:3   | HP: 3/88 [eight-headed hydra (10)]
 29414 | D:9      | Found a staircase to the Orcish Mines.
 29424 | Orc:1    | Entered Level 1 of the Orcish Mines
 29715 | Orc:2    | Noticed Harold
 29728 | Orc:2    | Killed Harold
 29728 | Orc:2    | Reached skill level 14 in Summonings
 29863 | Orc:3    | Found a roughly hewn altar of Beogh.
 30284 | Orc:2    | Noticed Psyche
 30294 | Orc:2    | Killed Psyche
 30423 | Orc:2    | Noticed Joseph
 30440 | Orc:2    | Killed Joseph
 30695 | Orc:3    | Reached skill level 1 in Polearms
 31192 | Orc:4    | Entered Level 4 of the Orcish Mines
 31210 | Orc:4    | Reached skill level 2 in Polearms
 31267 | Orc:4    | HP: 18/88 [orc priest/divine providence (15)]
 31300 | Orc:4    | HP: 22/88 [poisoned by an orc warrior]
 31305 | Orc:3    | HP: 18/88 [poisoned by an orc warrior]
 31310 | Orc:3    | HP: 16/88 [poisoned by an orc warrior]
 31315 | Orc:3    | HP: 15/88 [poisoned by an orc warrior]
 31322 | Orc:3    | HP: 15/88 [poisoned by an orc warrior]
 31330 | Orc:3    | HP: 15/88 [poisoned by an orc warrior]
 31765 | Orc:4    | Found a staircase to the Elven Halls.
 31943 | Orc:4    | Reached skill level 3 in Polearms
 31993 | Orc:4    | Reached XP level 14. HP: 51/94 MP: 10/27
 32251 | Orc:4    | Found Cell's Distillery.
 32252 | Orc:4    | Found Schadoef's Magic Scroll Boutique.
 32562 | Orc:4    | Reached skill level 4 in Polearms
 33645 | Orc:4    | Bought a potion of heal wounds for 60 gold pieces
 33645 | Orc:4    | Bought 2 potions of heal wounds for 120 gold pieces
 33668 | Orc:4    | Reached skill level 5 in Polearms
 34978 | Orc:4    | Reached skill level 6 in Polearms
 35295 | Orc:4    | HP: 21/94 [putrid demonspawn/demon whip of electrocution (10)]
 35982 | D:9      | Found Bateklan's Weapon Shop.
 36059 | D:9      | Reached skill level 1 in Maces & Flails
 36463 | D:10     | Entered Level 10 of the Dungeon
 36474 | D:10     | Reached skill level 2 in Maces & Flails
 36833 | D:10     | Noticed Eustachio
 36843 | D:10     | Killed Eustachio
 36844 | D:10     | Reached skill level 3 in Maces & Flails
 37217 | D:10     | Noticed Maurice
 37289 | D:10     | Killed Maurice
 37673 | D:11     | Reached skill level 4 in Maces & Flails
 38458 | D:12     | Found a flickering gateway to a bazaar.
 38463 | Bazaar   | Entered a bazaar
 38469 | Bazaar   | Found Otirph's Assorted Antiques.
 38483 | Bazaar   | Found Ofinozus' Food Boutique.
 38510 | Bazaar   | Found Strechore's Food Boutique.
 38524 | Bazaar   | Found Cauquq's Antique Weapon Shop.
 38538 | Bazaar   | Found Vetinwa's Food Boutique.
 38663 | Bazaar   | Bought an encrusted bronze ring for 135 gold pieces
 38663 | Bazaar   | Bought a potion of heal wounds for 135 gold pieces
 38663 | Bazaar   | Bought a scroll of remove curse for 81 gold pieces
 39172 | D:12     | Noticed Josephine
 39181 | D:12     | Killed Josephine
 39275 | D:12     | Noticed Grum
 39299 | D:12     | Killed Grum
 39602 | D:12     | Upgraded the game from 0.16.1 to 0.16.1-2-g95b8d4c
 40489 | D:13     | Noticed Urug
 40587 | D:13     | Found a white marble altar of Elyvilon.
 40758 | D:13     | Identified the +7 short sword "Brirch" {pierce, rPois MP+9 Str+2 Int+3 Stlth-}
 40859 | D:13     | Found a runed door.
 40891 | D:13     | Identified the cursed +2 arbalest "Toinnit" {velocity, +Fly rPois Str-4}
 40912 | D:13     | HP: 15/94 [phantasmal warrior (21)]
 41491 | D:13     | Reduced skill Polearms to level 5
 41548 | D:13     | Reached skill level 5 in Maces & Flails
 41548 | D:13     | Reached skill level 15 in Summonings
 41704 | D:13     | Gained mutation: Your spells are a little harder to cast, but a little more powerful. [potion of beneficial mutation]
 42183 | D:13     | Learned a level 5 spell: Shadow Creatures
 42560 | D:13     | Reduced skill Polearms to level 4
 42586 | D:13     | Reached skill level 6 in Maces & Flails
 42757 | D:13     | Killed Urug
 42757 | D:13     | Reached skill level 11 in Dodging
 42969 | D:13     | Found a gate to the Vaults.
 43000 | D:13     | Reduced skill Polearms to level 3
 43164 | D:14     | Found a portal to a secret trove of treasure.
 43224 | D:14     | Found Pykhoeso's General Store.
 43233 | D:14     | Bought a scroll of identify for 28 gold pieces
 43233 | D:14     | Bought a potion of curing for 42 gold pieces
 43233 | D:14     | Bought a potion of curing for 42 gold pieces
 43697 | D:14     | Identified the +7 rapier "Embalmer" {drain, rElec rF- Dex+8}
 43706 | D:14     | Reduced skill Polearms to level 2
 43709 | D:14     | Reached skill level 7 in Maces & Flails
 43864 | D:14     | Identified the +4 hand axe of Etro {flame, rElec rN+ Stlth+}
 44702 | D:15     | Entered Level 15 of the Dungeon
 44721 | D:15     | Reached skill level 12 in Dodging
 44721 | D:15     | Reached XP level 15. HP: 99/99 MP: 28/28
 44772 | D:15     | HP: 8/99 [deep elf mage/bolt of magma (22)]
 45265 | D:15     | Found a staircase to the Depths.
 46972 | Lair:6   | Noticed a four-headed hydra
 46980 | Lair:6   | Killed a four-headed hydra
 47067 | Shoals:1 | Entered Level 1 of the Shoals
 47067 | Shoals:1 | Noticed Rupert
 47382 | Shoals:1 | Reached skill level 13 in Dodging
 47796 | Shoals:1 | Killed Rupert
 47969 | Shoals:2 | Found Xovuet's Magic Scroll Shop.
 48057 | Shoals:2 | Found Pnuq's Antique Weapon Shoppe.
 48197 | Shoals:2 | Found Twucavaw's Antique Armour Shop.
 48556 | Shoals:2 | Noticed Polyphemus
 48679 | Shoals:2 | Killed Polyphemus
 48679 | Shoals:2 | Reached skill level 9 in Fighting
 48765 | Shoals:2 | Learned a level 2 spell: Repel Missiles
 48768 | Shoals:2 | Learned a level 2 spell: Blink
 48880 | Shoals:2 | Learned a level 5 spell: Dispel Undead
 48881 | Shoals:3 | Found Itzaerghu's Antique Armour Shop.
 49012 | Shoals:3 | Found Twockew's General Store.
 49196 | Shoals:3 | Found Gre Stroumn's Weapon Boutique.
 49202 | Shoals:3 | Reached skill level 10 in Fighting
 49348 | Shoals:4 | Noticed Jorgrun
 49364 | Shoals:4 | Gained mutation: You have a pair of small antennae on your head. [potion of beneficial mutation]
 49382 | Shoals:4 | Killed Jorgrun
 49447 | Shoals:4 | Reached XP level 16. HP: 110/110 MP: 29/29
 49461 | Shoals:4 | Reached skill level 7 in Necromancy
 49499 | Shoals:4 | Learned a level 5 spell: Agony
 49505 | Shoals:4 | Noticed a kraken
 49533 | Shoals:4 | Killed a kraken
 49664 | Shoals:4 | Found Zytzuwoth's Antique Weapon Shop.
 49683 | Shoals:4 | Reached skill level 7 in Spellcasting
 49727 | Shoals:4 | Noticed Norris
 49998 | Shoals:4 | Noticed a kraken
 50016 | Shoals:4 | Killed a kraken
 50178 | Shoals:4 | Noticed Roxanne
 50270 | Shoals:4 | Reached skill level 8 in Spellcasting
 50287 | Shoals:4 | Noticed a kraken
 50327 | Shoals:4 | Killed a kraken
 50453 | Shoals:5 | Entered Level 5 of the Shoals
 50839 | Shoals:5 | Reached skill level 9 in Spellcasting
 51003 | Shoals:5 | HP: 18/110 [merfolk impaler/demon trident of electrocution (31)]
 51265 | Shoals:5 | Noticed a kraken
 51299 | Shoals:5 | Reached skill level 14 in Dodging
 51333 | Shoals:5 | Noticed Wiglaf
 51816 | Shoals:5 | Noticed Ilsuiw
 51878 | Shoals:4 | Killed Norris
 52169 | Shoals:5 | HP: 7/110 [Wiglaf/enchanted broad axe (45)]
 52174 | Shoals:5 | Killed Wiglaf
 52181 | Shoals:5 | Noticed Louise
 52534 | Shoals:5 | Noticed Asterion
 52541 | Shoals:5 | HP: 22/110 [sea snake (11)]
 52547 | Shoals:4 | HP: 23/110 [sea snake (13)]
 52776 | Shoals:1 | Found Pharyiby's Jewellery Shoppe.
 52877 | Lair:4   | Noticed a seven-headed hydra
 52896 | Lair:4   | Killed a seven-headed hydra
 52900 | Snake:1  | Entered Level 1 of the Snake Pit
 53531 | Snake:1  | Reached skill level 8 in Necromancy
 53990 | Snake:1  | Reached skill level 9 in Necromancy
 54597 | Snake:2  | Reached skill level 10 in Necromancy
 54940 | Snake:2  | HP: 26/110 [naga sharpshooter/bolt (9)]
 55259 | Snake:2  | Learned a level 7 spell: Haunt
 55395 | Snake:2  | Reached skill level 11 in Necromancy
 55541 | Snake:2  | Reached XP level 17. HP: 36/116 MP: 33/33
 55584 | Snake:2  | Noticed Zigurun's ghost (mighty OpTm)
 55870 | Snake:2  | Reached skill level 16 in Summonings
 56666 | Snake:3  | Identified the +9 spear "Ogrebane" {pierce, Int+3}
 56790 | Snake:2  | Killed Zigurun's ghost
 58061 | Snake:3  | Reached skill level 17 in Summonings
 59561 | Snake:4  | Reached skill level 15 in Dodging
 59949 | Snake:5  | Entered Level 5 of the Snake Pit
 60221 | Snake:5  | Noticed Aizul
 60847 | Snake:5  | Reached skill level 11 in Fighting
 61232 | Snake:5  | HP: 29/117 [mana viper (18)]
 61235 | Snake:5  | Killed Aizul
 61236 | Snake:5  | HP: 2/117 [mana viper (15)]
 61237 | Snake:5  | Reached XP level 18. HP: 2/124 MP: 3/34
 61387 | Snake:5  | HP: 31/124 [something (16)]
 61669 | Snake:5  | Reached skill level 12 in Fighting
 62329 | Snake:5  | HP: 29/127 [naga sharpshooter/arrow (33)]
 62332 | Snake:5  | HP: 11/127 [naga sharpshooter/arrow (18)]
 62524 | Snake:5  | Reached skill level 13 in Fighting
 62556 | Snake:5  | HP: 27/128 [greater naga/halberd (23)]
 62562 | Snake:5  | HP: 20/128 [poisoned by a greater naga (bolt of poison)]
 62567 | Snake:5  | HP: 19/128 [poisoned by a greater naga (bolt of poison)]
 62573 | Snake:5  | HP: 20/128 [poisoned by a greater naga (bolt of poison)]
 62579 | Snake:5  | HP: 23/128 [poisoned by a greater naga (bolt of poison)]
 62587 | Snake:5  | HP: 26/128 [poisoned by a greater naga (bolt of poison)]
 62913 | Snake:5  | Got a serpentine rune of Zot
 63990 | Shoals:4 | Killed Roxanne
 63998 | Shoals:4 | Identified Roxanne's Collected Works on Dusty Moulding (You took it off Roxanne on level 4 of the Shoals)
 64304 | Shoals:5 | Reached skill level 10 in Spellcasting
 64334 | Shoals:5 | Killed Louise
 64808 | Shoals:5 | Killed Asterion
 65227 | Shoals:5 | Killed a kraken
 65314 | Shoals:5 | Got a barnacled rune of Zot
 65818 | Vaults:1 | Entered Level 1 of the Vaults
 66004 | Vaults:1 | Identified the +7 shortbow of Turmoil {venom, rC+ Stlth+}
 67393 | Vaults:1 | HP: 29/130 [deep troll[an ironheart preserver] (13)]
 67679 | Vaults:1 | Reached XP level 19. HP: 93/135 MP: 27/36
 68117 | Vaults:1 | Reached skill level 18 in Summonings
 68763 | Vaults:2 | Reduced skill Ice Magic to level 5
 68814 | Vaults:2 | Reached skill level 16 in Dodging
 69306 | Vaults:2 | Reduced skill Ice Magic to level 4
 69370 | Vaults:2 | Found a staircase to the Crypt.
 69707 | Vaults:2 | Reduced skill Ice Magic to level 3
 69818 | Vaults:2 | Found Nemairut's Book Shop.
 69823 | Vaults:2 | Bought a Fen Folio for 900 gold pieces
 69895 | Vaults:2 | Reduced skill Ice Magic to level 2
 70086 | Vaults:2 | Reached skill level 19 in Summonings
 70444 | Vaults:3 | Learned a level 7 spell: Summon Hydra
 70540 | Vaults:3 | Reached skill level 11 in Spellcasting
 70554 | Vaults:3 | Noticed puimuR's ghost (powerful FeTm)
 70569 | Vaults:3 | Killed puimuR's ghost
 71818 | Vaults:3 | Reached skill level 12 in Spellcasting
 72880 | Vaults:4 | Reached skill level 14 in Fighting
 73662 | Vaults:4 | Reached XP level 20. HP: 113/144 MP: 38/38
 73745 | Vaults:4 | Found Uwuisil's Gadget Boutique.
 73754 | Vaults:4 | Gained mutation: You are somewhat resistant to further mutation. [potion of beneficial mutation]
 73761 | Vaults:4 | Learned a level 5 spell: Summon Forest
 73945 | Vaults:4 | HP: 28/144 [fire giant/fireball (45)]
 74710 | Vaults:3 | Reached skill level 15 in Fighting
 74888 | Vaults:1 | Reduced skill Polearms to level 1
 74931 | Vaults:1 | HP: 23/145 [boulder beetle (38)]
 76299 | Elf:1    | Entered Level 1 of the Elven Halls
 76360 | Elf:1    | Found Emazes' Magic Scroll Shop.
 76664 | Elf:1    | Identified the Catalogue of Summoning (You found it on level 1 of the Elven Halls)
 76747 | Elf:1    | Learned a level 6 spell: Monstrous Menagerie
 76784 | Elf:1    | Reached skill level 16 in Fighting
 77270 | Elf:1    | Noticed Nikola
 77300 | Elf:2    | Found Foguypsafi's Magic Scroll Shoppe.
 77307 | Elf:2    | Bought a scroll of magic mapping for 45 gold pieces
 77307 | Elf:2    | Bought a scroll of teleportation for 39 gold pieces
 77307 | Elf:2    | Bought a scroll of teleportation for 39 gold pieces
 77789 | Elf:2    | Found a runed gate.
 77810 | Elf:2    | Found a runed gate.
 77810 | Elf:2    | Found a runed gate.
 77866 | Elf:3    | Entered Level 3 of the Elven Halls
 77950 | Elf:3    | Found a shimmering altar of Xom.
 78001 | Elf:3    | Learned a level 1 spell: Summon Butterflies
 78599 | Elf:3    | Identified the +4 lajatang "Brouh" {slice, MR+ Int+4 SInv}
 78599 | Elf:3    | Identified the ring "Puxuamov" {rPois MR+ Str+4 Dex-4}
 78599 | Elf:3    | Identified a +8 iron rod (13/13)
 78890 | Elf:3    | Reached skill level 17 in Fighting
 78907 | Elf:3    | Cast into the Abyss (a deep elf demonologist)
 78961 | Elf:3    | Escaped the Abyss
 79317 | Elf:3    | Cast into the Abyss (a deep elf demonologist)
 79323 | Abyss:1  | Found a corrupted altar of Lugonu.
 79388 | Elf:3    | Escaped the Abyss
 79425 | Elf:3    | HP: 37/151 [deep elf conjurer/bolt of cold (27)]
 79429 | Elf:3    | HP: 16/151 [jumping spider[a deep elf summoner] (12)]
 79674 | Elf:3    | Identified the Almanac of Supportive Conjuration
 80123 | Elf:3    | Identified the +2 lajatang "Octopus' Peril" {slice, rC+} (You took it off a deep elf sorcerer on level 3 of the Elven Halls)
 80177 | Elf:3    | Reached XP level 21. HP: 85/158 MP: 38/38
 80211 | Elf:3    | Identified the ring of the Ancient Places {Fire Int-2 Dex+6} (You took it off a deep elf annihilator on level 3 of the Elven Halls)
 80211 | Elf:3    | Identified the +6 lajatang "Killer Klown's Regret" {elec, rF+ Dex+2} (You took it off a deep elf annihilator on level 3 of the Elven Halls)
 80324 | Elf:3    | Identified the ring of Smoaghy {SustAb rElec Int+3 Dex-3 Stlth+} (You took it off a deep elf sorcerer on level 3 of the Elven Halls)
 80663 | Elf:3    | Cast into the Abyss (a deep elf demonologist)
 80826 | Abyss:1  | Found a corrupted altar of Lugonu.
 80830 | Elf:3    | Escaped the Abyss
 80904 | Elf:3    | Identified the cursed -2 shortbow of an ossuary {freeze, rElec rPois rN+ Dex-2}
 80931 | Elf:3    | Identified the Volume of the Mountains and Shape Shifting
 81001 | Elf:3    | Cast into the Abyss (a deep elf demonologist)
 81135 | Abyss:1  | Found a viscous altar of Jiyva.
 81203 | Elf:3    | Escaped the Abyss
 81207 | Elf:3    | Reached skill level 20 in Summonings
 82238 | Depths:1 | Entered Level 1 of the Depths
 82556 | Depths:1 | Learned a level 9 spell: Dragon's Call
 83036 | Depths:1 | Found a one-way gate to the infinite horrors of the Abyss.
 83307 | Depths:2 | Found a gateway to Hell.
 83343 | Depths:2 | Reached skill level 13 in Spellcasting
 84219 | Depths:2 | Noticed a golden dragon
 84558 | Depths:2 | HP: 34/158 [storm dragon/bolt of lightning (26)]
 85001 | Depths:2 | Killed a golden dragon
 85128 | Depths:2 | Noticed a golden dragon
 85138 | Depths:2 | Killed a golden dragon
 85138 | Depths:2 | Reached skill level 14 in Spellcasting
 85224 | Depths:2 | Learned a level 8 spell: Death's Door
 85272 | Depths:2 | Reached skill level 12 in Necromancy
 85299 | Depths:2 | HP: 39/158 [frost giant/battleaxe of freezing (3)]
 85745 | Depths:2 | Reached skill level 13 in Necromancy
 85801 | Depths:2 | Noticed a golden dragon
 86198 | Depths:2 | Reached XP level 22. HP: 123/164 MP: 40/40
 86304 | Depths:2 | Killed a golden dragon
 86328 | Depths:2 | Noticed Saint Roka
 86333 | Depths:2 | Killed Saint Roka
 86565 | Depths:2 | Learned a level 6 spell: Aura of Abjuration
 86777 | Depths:3 | Reached skill level 1 in Charms
 86798 | Depths:3 | Reached skill level 2 in Charms
 86989 | Depths:3 | Reached skill level 3 in Charms
 87037 | Depths:3 | Reached skill level 4 in Charms
 87133 | Depths:2 | Identified the ring "Xynegao" {-Cast +Fly Int+3 SInv} (You took it off a spriggan on level 2 of the Depths)
 87416 | Depths:3 | Reached skill level 5 in Charms
 87581 | Depths:3 | Reached skill level 6 in Charms
 87745 | Depths:3 | Found a one-way gate leading to the halls of Pandemonium.
 87927 | Depths:3 | HP: 41/164 [white very ugly thing (32)]
 87929 | Depths:3 | Reached skill level 7 in Charms
 88607 | Depths:3 | Reached skill level 8 in Charms
 88819 | Depths:4 | Identified the ring of Virtue {Str+2 Dex+4}
 89061 | Depths:4 | Reached skill level 9 in Charms
 89120 | Depths:4 | Identified the +9 hand crossbow of Springtime {velocity, rElec rF+ rN+ Dex-4 Stlth+}
 89480 | Depths:4 | HP: 30/164 [caustic shrike zombie[a necromancer] (17)]
 89483 | Depths:4 | HP: 4/164 [caustic shrike zombie[a necromancer] (29)]
 89484 | Depths:4 | Slain by a caustic shrike zombie

Action                   |  1- 3 |  4- 6 |  7- 9 | 10-12 | 13-15 | 16-18 | 19-21 | 22-24 || total
-------------------------+-------+-------+-------+-------+-------+-------+-------+-------++-------
Melee: Short sword       |    69 |   105 |   278 |   416 |   250 |       |       |       ||  1118
       Unarmed           |     5 |       |       |       |       |       |       |       ||     5
       Trident           |       |       |       |       |   245 |       |       |       ||   245
       Demon whip        |       |       |       |       |   710 |  1039 |  1465 |   412 ||  3626
Throw: Javelin           |       |    23 |    45 |    43 |       |       |       |       ||   111
       Throwing net      |       |       |       |     2 |     3 |       |       |       ||     5
 Cast: Summon Small Mamm |    21 |    15 |       |       |       |       |       |       ||    36
       Call Imp          |       |    13 |    18 |       |       |       |       |       ||    31
       Call Canine Famil |       |    10 |    33 |    57 |    47 |       |       |       ||   147
       Summon Ice Beast  |       |       |    19 |   192 |   285 |     3 |       |       ||   499
       Summon Guardian G |       |       |       |    36 |     8 |       |       |       ||    44
       Summon Lightning  |       |       |       |    12 |   163 |       |       |       ||   175
       Sublimation of Bl |       |       |       |       |     6 |     5 |     3 |       ||    14
       Shadow Creatures  |       |       |       |       |   137 |   306 |   151 |    75 ||   669
       Repel Missiles    |       |       |       |       |     1 |    13 |     8 |     2 ||    24
       Agony             |       |       |       |       |       |    70 |     3 |       ||    73
       Blink             |       |       |       |       |       |     2 |       |     5 ||     7
       Haunt             |       |       |       |       |       |    34 |    25 |     1 ||    60
       Summon Hydra      |       |       |       |       |       |       |    93 |     1 ||    94
       Monstrous Menager |       |       |       |       |       |       |    37 |       ||    37
       Summon Forest     |       |       |       |       |       |       |    14 |       ||    14
       Dispel Undead     |       |       |       |       |       |       |       |     6 ||     6
       Summon Butterflie |       |       |       |       |       |       |       |     1 ||     1
       Dragon's Call     |       |       |       |       |       |       |       |     1 ||     1
Invok: Transfer Knowledg |       |       |       |       |     1 |       |     2 |       ||     3
       Scrying           |       |       |       |       |       |       |     1 |       ||     1
Evoke: Wand              |       |       |       |     7 |     8 |     5 |     5 |     2 ||    27
       Phial of floods   |       |       |       |     2 |     1 |     2 |     1 |       ||     6
       Deck              |       |       |       |       |     2 |     3 |     1 |     6 ||    12
  Use: Potion            |       |     2 |     4 |     3 |    15 |    15 |    19 |     2 ||    60
       Scroll            |       |    14 |     5 |    26 |    36 |    25 |    20 |     3 ||   129
 Stab: Sleeping          |     7 |     2 |     9 |    21 |    49 |    20 |    20 |     3 ||   131
       Distracted        |       |       |       |     9 |    31 |    27 |    28 |    11 ||   106
       Held in net/web   |       |       |       |     1 |     1 |       |       |       ||     2
       Paralysed         |       |       |       |     1 |       |       |       |     3 ||     4
       Invisible         |       |       |       |       |     1 |       |       |       ||     1
       Confused          |       |       |       |       |       |       |     1 |       ||     1
       Petrified         |       |       |       |       |       |       |     6 |       ||     6
  Eat: Chunk             |     7 |    11 |    24 |    79 |   135 |   138 |   100 |    26 ||   520
       Beef jerky        |       |       |     1 |     5 |     3 |     2 |     4 |       ||    15
       Pizza             |       |       |     2 |     1 |     2 |       |     2 |       ||     7
       Fruit             |       |       |       |     1 |    12 |     2 |    11 |       ||    26
       Bread ration      |       |       |       |       |     5 |     8 |    10 |       ||    23
       Royal jelly       |       |       |       |       |     2 |     2 |     2 |       ||     6
       Meat ration       |       |       |       |       |     2 |       |     1 |       ||     3

Vault maps used:
D:1:      dpeg_chamrin_arrival_tetris
D:2:      first_bread
D:3:      uniq_sigmund
D:4:      gammafunk_temple_overflow_elements, kennysheep_mini_moat
D:5:      minmay_temple_entry_statues
D:6:      uniq_natasha, uniq_pikel
D:7:      grunt_ogre_cave, uniq_prince_ribbit1
D:8:      grunt_lair_entry_elf_guard_hut
D:9:      orc_0_dummy, serial_shops, shop, hangedman_decor_peaks_small,
          minmay_bad_closet, st_stairs_4
D:10:     amethyst_killhole, uniq_eustachio, uniq_maurice
D:12:     serial_shops, bzr_entry_road, st_stairs_8, uniq_josephine, uniq_grum
D:13:     david_vaults_4, basic_altar, st_stairs_14, minmay_st_funbox, uniq_urug
D:14:     serial_shops, nicolae_shop_crystal, nicolae_trove_entry_columns
D:15:     hangedman_depths_entry_civil_slaughter, minmay_crystal_room,
          st_stairs_9
Temple:   nicolae_temple_x_marks_the_god_16
Lair:1:   beast_lair_carwin_11, serial_bayou_shore_a
Lair:2:   uniq_fannar
Lair:4:   guppyfry_snake_entry_garden, portal_ice_cave_entry_pillars_03,
          uniq_maud
Lair:6:   onia_ninara_swampy_vault, elwin_shoals_entry_rocks, slime_altar_1,
          beast_lair_carwin_7, lemuel_fruit_tree
Lair:7:   roderic_ravens_nest
Lair:8:   evil_forest, infiniplex_staircase_pool
Shoals:1: nicolae_shoals_c_island, uniq_rupert
Shoals:2: serial_shops, shop, nicolae_shop_statue_plus,
          nicolae_shop_temple_entry_statues_fountains, uniq_polyphemus
Shoals:3: serial_shops, nicolae_shop_trees, nicolae_shop_crystal, shop_fountains
Shoals:4: serial_shops, shop, uniq_jorgrun, uniq_norris, uniq_roxanne
Shoals:5: shoals_end_hangedman, shoal_ilsuiw, abandoned_shop, uniq_asterion,
          uniq_wiglaf, uniq_louise
Snake:1:  minmay_snake_river
Snake:2:  serial_bayou_pond_d, grunt_megastairs_1
Snake:3:  grunt_ministairs_12
Snake:5:  grunt_snake_rune_serpentine_throne, st_stairs_12, uniq_aizul
Orc:2:    uniq_harold, uniq_psyche, uniq_joseph
Orc:3:    nicolae_orc_pool_cavern, mines2_david
Orc:4:    pf_orc_diabolical, nicolae_orc_crystal_geode
Elf:1:    minmay_elf_arrival_plus, serial_shops, nicolae_shop_crystal,
          minmay_elf_demonology, uniq_nikola, uniq_sonja
Elf:2:    serial_shops, shop
Elf:3:    nooodl_elf_gasket, basic_altar, minmay_elf_sorcery
Vaults:1: nicolae_vaults_an_arrangement, hangedman_vaults_capsules,
          nicolae_vaults_asterisk, nicolae_vaults_asterisk,
          nicolae_vaults_three_branches, vaults_dpeg_ring
Vaults:2: grunt_vaults_funnel, vaults_mumra_bighexcomb,
          minmay_crypt_entry_simple_corners, hangedman_vaults_hat,
          hangedman_vaults_stitches, v_misc_18,
          nicolae_vaults_diagonal_hallway_9, grunt_vaults_bifocal, v_rooms_5,
          v_misc_2, vaults_dpeg_hooks, vaults_room_door_ring, serial_shops,
          shop_statue
Vaults:3: st_cross, v_misc_27, nicolae_vaults_ninety_degrees,
          nicolae_vaults_big_angled_halls, hangedman_vaults_river_flow,
          nicolae_vaults_little_ls, ontoclasm_vaults_ligature,
          dpeg_vaults_monster_row, v_misc_28, v_misc_16,
          nicolae_vaults_alarming, ontoclasm_vaults_loading_screen,
          nicolae_vaults_little_squares_4
Vaults:4: v_rooms_4, ontoclasm_vaults_pinch, v_misc_24, vaults_room_door_ring,
          vaults_mumra_hexcomb, v_misc_13, nicolae_vaults_mini_display_case,
          serial_shops, shop_statue
Depths:1: lightli_too_deep, kennysheep_nondescript, abyss_entry,
          patterned_corridor
Depths:2: grunt_runaround, abyss_entry, hell_entry, uniq_saint_roka
Depths:3: mu_elephants_graveyard, hell_entry, grunt_pan_entry_spiral
Depths:4: minmay_smoke_and_mirrors, abyss_entry,
          serial_sigils_hangedman_scratch, pf_hell_entry_great_geh,
          minmay_misc_feat_tiny, minmay_staircase_statues
Abyss:1:  minivault_25_ag
Bazaar:   bazaar_minmay_snake
IceCv:    ice_cave_tombish

Table legend:
 A = Turns spent in this place as a percentage of turns spent in the entire game.
 B = Non-inter-level travel turns spent in this place as a percentage of non-inter-level travel turns spent in the entire game.
 C = Inter-level travel turns spent in this place as a percentage of turns spent in this place.
 D = Turns resting spent in this place as a percentage of non-inter-level travel turns spent in this place.
 E = Turns spent auto-exploring this place as a percentage of non-inter-level travel turns spent in this place.
 F = Non-inter-level travel turns spent in this place divided by the number of levels of this place that you've seen.
                   A       B       C       D       E      F
               +-------+-------+-------+-------+-------+----------------------
         Total | 100.0 | 100.0 |   0.3 |   2.6 |   2.2 | 766.7
       Dungeon |  20.2 |  20.2 |   0.6 |   2.4 |   5.1 | 567.5
        Temple |   0.2 |   0.2 |   0.0 |   0.0 |   0.0 |  65.0
          Lair |  17.6 |  17.6 |   0.3 |   2.8 |   1.4 | 929.5
        Shoals |   9.5 |   9.5 |   0.3 |   3.0 |   0.1 | 803.2
     Snake Pit |  12.7 |  12.8 |   0.2 |   3.6 |   1.2 | 1075.6
  Orcish Mines |   7.0 |   7.0 |   0.4 |   3.3 |   4.2 | 737.8
   Elven Halls |   7.1 |   7.1 |   0.2 |   1.4 |   2.0 | 1003.3
        Vaults |  12.6 |  12.7 |   0.2 |   1.8 |   2.2 | 1334.5
        Depths |  11.1 |  11.1 |   0.2 |   2.2 |   0.7 | 1174.2
         Abyss |   1.3 |   1.3 |   0.0 |   0.0 |   0.0 | 133.5
        Bazaar |   0.1 |   0.1 |   0.0 |   0.0 |   0.0 |  63.0
      Ice Cave |   0.4 |   0.4 |   0.0 |   7.7 |   0.0 | 169.0
               +-------+-------+-------+-------+-------+----------------------

Table legend:
 A = Kills in this place as a percentage of kills in entire the game.
 B = Kills by you in this place as a percentage of kills by you in the entire game.
 C = Kills by friends in this place as a percentage of kills by friends in the entire game.
 D = Other kills in this place as a percentage of other kills in the entire game.
 E = Experience gained in this place as a percentage of experience gained in the entire game.
 F = Experience gained in this place divided by the number of levels of this place that you have seen.
                   A       B       C       D       E      F
               +-------+-------+-------+-------+-------+----------------------
         Total | 100.0 | 100.0 | 100.0 | 100.0 | 100.0 | 12236.6
       Dungeon |  23.0 |  27.8 |  17.2 |   0.0 |   7.9 | 3553.6
          Lair |  14.4 |  11.9 |  17.3 |  28.6 |   6.9 | 5816.8
        Shoals |   6.3 |   6.5 |   6.1 |   0.0 |  11.1 | 14977.2
     Snake Pit |  12.4 |  11.6 |  13.3 |  28.6 |  17.5 | 23551.0
  Orcish Mines |  12.4 |   8.0 |  18.0 |   0.0 |   1.7 | 2878.0
   Elven Halls |   5.9 |   7.2 |   4.2 |   0.0 |  13.7 | 30663.0
        Vaults |  14.2 |  14.9 |  13.4 |   0.0 |  19.1 | 32127.2
        Depths |  11.2 |  11.9 |  10.2 |  42.9 |  21.9 | 36873.2
         Abyss |   0.0 |   0.1 |   0.0 |   0.0 |   0.0 |  73.8
      Ice Cave |   0.1 |   0.1 |   0.2 |   0.0 |   0.1 | 737.0
               +-------+-------+-------+-------+-------+----------------------
